Kraken vs Stars
Created - November 9, 2024 at 19:29
Goals
|
Kraken |
2 |
1 |
0 |
3 |
Stars |
2 |
2 |
1 |
5 |
|
Shots
|
Kraken |
9 |
10 |
9 |
28 |
Stars |
12 |
6 |
11 |
29 |
|
1st period
1. Stars , Brian Lee 1 (Tobias Rieder 3) at 11:24
2. Kraken , Brendan Gallagher 5 (Ryan Nugent-Hopkins 11, Olli Maatta 3) at 12:41
3. Kraken , Marcus Johansson 7 (Andrei Loktionov 3, Zach Bogosian 4) at 17:32 (SH)
4. Stars , Paul Ladue 2 (Michael Grabner 9, Jake Guentzel 5) at 17:38 (PP)
Penalties :
Michael Grabner (Dal) for High sticking (Minor) at 0:13, Erik Gudbranson (Sea) for Tripping (Minor) at 15:52
2nd period
5. Kraken , Christopher Tanev 1 (Pierre-Edouard Bellemare 4, JT Compher 2) at 1:18
6. Stars , Evgeny Grachev 1 (Paul Ladue 3, Alex Chiasson 2) at 8:16 (PP)
7. Stars , Alex Chiasson 2 (Evgeny Grachev 4) at 8:40
Penalties :
Brian Lee (Dal) for Tripping (Minor) at 3:03, Zach Bogosian (Sea) for Tripping (Minor) at 7:39, Olli Maatta (Sea) for Goalie Interference (Minor) at 14:35
3rd period
8. Stars , Guillaume Latendresse 1 (Evgeny Grachev 5, Tyler Wotherspoon 5) at 5:02
Penalties :
Anton Cederholm (Dal) for Tripping (Minor) at 6:25, Cam Atkinson (Dal) for Hooking (Minor) at 12:31, Ryan Nugent-Hopkins (Sea) for Slashing (Minor) at 12:43
Goalie Stats
Ebbe Siönäs (Sea), 6 saves from 6 shots - (1.000), 14:58 minutes
Laurent Brossoit (Sea), 18 saves from 23 shots - (0.783), L, 4-4-0, 45:02 minutes
Matt Murray (Dal), 25 saves from 28 shots - (0.893), W, 3-4-2, 60:00 minutes
Players Stats for Kraken
Player Name G A P +/- PIM S H SB GA TA FO MP PP MP PK MP
------------------------------------------------------------------------------------
Alex Tuch 0 0 0 -1 0 0 1 0 1 0 0/1 15:59 2:44 0:00
Andrei Loktionov 0 1 1 0 0 0 4 0 0 0 4/8 17:14 2:44 1:14
Andrew Cogliano 0 0 0 1 0 0 0 0 0 0 0/1 11:49 0:00 1:10
Brendan Gallagher 1 0 1 -1 0 5 0 0 1 0 1/2 23:33 3:25 2:21
Christopher Tanev 1 0 1 2 0 2 2 2 0 1 0/0 21:44 3:19 2:14
Erik Gudbranson 0 0 0 -1 2 2 2 1 0 0 0/0 24:47 2:50 1:09
Frederick Gaudreau 0 0 0 0 0 2 1 0 0 0 0/2 7:55 0:00 0:00
Gabriel Bourque 0 0 0 0 0 0 2 2 0 0 1/1 9:25 0:00 0:59
Jalen Chatfield 0 0 0 -1 0 1 0 1 0 0 0/0 14:25 0:00 2:31
Jamie Oleksiak 0 0 0 -1 0 1 1 0 0 0 0/0 12:38 0:00 0:21
JT Compher 0 1 1 1 0 1 1 0 0 0 0/0 10:18 0:00 0:00
Marcus Johansson 1 0 1 0 0 1 0 0 0 0 0/0 20:35 3:25 1:03
Olli Maatta 0 1 1 2 2 2 0 1 0 0 0/0 20:55 3:19 0:58
Pierre-Edouard Bellemare 0 1 1 1 0 4 1 0 0 0 3/4 10:48 0:00 0:01
Ryan Nugent-Hopkins 0 1 1 -1 2 2 2 0 1 0 17/40 22:05 3:24 2:20
Tyler Bertuzzi 0 0 0 -1 0 2 2 1 1 0 2/2 15:57 2:44 0:00
Zach Bogosian 0 1 1 -1 2 3 1 1 0 0 0/0 25:33 2:50 1:55
Zach Hyman 0 0 0 0 0 0 0 0 1 0 0/0 7:55 0:00 0:00
Players Stats for Stars
Player Name G A P +/- PIM S H SB GA TA FO MP PP MP PK MP
------------------------------------------------------------------------------------
Adam Tambellini 0 0 0 -1 0 1 0 0 0 0 0/0 8:19 0:20 0:20
Alex Chiasson 1 1 2 2 0 3 1 1 0 1 0/0 15:59 1:51 0:34
Anton Cederholm 0 0 0 0 2 0 0 0 0 1 0/0 18:41 2:05 1:31
Brian Lee 1 0 1 0 2 2 2 0 0 0 0/0 18:52 2:05 1:41
Cam Atkinson 0 0 0 0 2 1 4 0 0 0 0/0 11:34 0:24 0:00
Evgeny Grachev 1 2 3 2 0 6 0 0 0 0 6/14 17:38 1:55 2:11
Evgeny Kuznetsov 0 0 0 0 0 0 1 2 1 0 1/2 11:11 0:00 0:00
Guillaume Latendresse 1 0 1 2 0 1 1 0 0 0 0/0 17:27 1:55 2:00
Henrik Borgstrom 0 0 0 -1 0 0 0 0 0 0 1/2 7:24 0:00 0:00
Jake Guentzel 0 1 1 -1 0 1 2 0 0 0 2/3 22:34 2:19 3:34
Michael Grabner 0 1 1 -1 2 2 1 2 0 0 1/1 17:09 2:19 0:00
Paul Ladue 1 1 2 2 0 3 0 2 0 1 0/0 29:02 2:29 3:48
Reece Willcox 0 0 0 -2 0 1 0 0 0 0 0/0 11:26 0:00 0:00
Scott Kosmachuck 0 0 0 -1 0 1 1 0 0 0 0/0 7:24 0:00 0:00
Sidney Crosby 0 0 0 -1 0 5 1 0 0 0 22/39 22:47 2:19 3:39
Tobias Rieder 0 1 1 0 0 1 0 2 0 0 0/0 11:45 0:20 0:00
Tyler Wotherspoon 0 1 1 2 0 1 3 1 0 2 0/0 28:42 2:29 3:48
Wiley Sherman 0 0 0 -2 0 0 0 2 0 0 0/0 14:06 0:00 1:30
3 Stars
1 - Evgeny Grachev (Dal)
2 - Alex Chiasson (Dal)
3 - Paul Ladue (Dal)
Power Play
Kraken - 0 on 4 Attempt(s) - 0.00%
Stars - 2 on 4 Attempt(s) - 50.00%
Penalty Kill
Kraken - 2 on 4 Attempt(s) - 50.00%
- Score 1 goal in Penalty Kill
Stars - 4 on 4 Attempt(s) - 100.00%
- Score 0 goal in Penalty Kill
Team Stat
Kraken - Hits : 20 - Faceoff Wins : 28 - Blocked Shots : 9 - Penalty Minutes : 8
Stars - Hits : 17 - Faceoff Wins : 33 - Blocked Shots : 12 - Penalty Minutes : 8
Official
Referees : Steve Kozari and Francois St. Laurent
Linesman : Kyle Flemington and Vaughan Rody
Game Notes
Ebbe Siönäs enters game at 5:02 of 3rd period
Finance
Level 1 -- Attendance: 5641 (94.02%) -- Ticket Income $564,100
Level 2 -- Attendance: 4680 (93.60%) -- Ticket Income $327,600
Level 3 -- Attendance: 2000 (100.00%) -- Ticket Income $80,000
Level 4 -- Attendance: 3603 (90.08%) -- Ticket Income $108,090
Luxury Box -- Attendance: 916 (91.60%) -- Ticket Income $183,200
Game was played at the American Airlines Center.
Total Attendance: 16840 (93.56%)
Total Ticket Income: $1,262,990
Other Income: $189,448
Total Income: $1,452,438
Kraken
5 vs 5 Forward
Center Left Wing Right Wing Time % Phy DF OF
1 Ryan Nugent-Hopkins Marcus Johansson Brendan Gallagher 40 1 2 2
2 Andrei Loktionov Tyler Bertuzzi Alex Tuch 30 1 2 2
3 Pierre-Edouard Bellemare Andrew Cogliano JT Compher 20 1 2 2
4 Frederick Gaudreau Gabriel Bourque Zach Hyman 10 1 2 2
5 vs 5 Defense
Defense Defense Time % Phy DF OF
1 Zach Bogosian Erik Gudbranson 40 1 2 2
2 Olli Maatta Christopher Tanev 30 1 2 2
3 Jamie Oleksiak Jalen Chatfield 20 1 2 2
4 Zach Bogosian Erik Gudbranson 10 1 2 2
PowerPlay Forward
Center Left Wing Right Wing Time % Phy DF OF
1 Ryan Nugent-Hopkins Marcus Johansson Brendan Gallagher 60 1 2 2
2 Andrei Loktionov Tyler Bertuzzi Alex Tuch 40 1 2 2
PowerPlay Defense
Defense Defense Time % Phy DF OF
1 Zach Bogosian Erik Gudbranson 60 1 2 2
2 Olli Maatta Christopher Tanev 40 1 2 2
Penalty Kill 4 Players Forward
Center Wing Time % Phy DF OF
1 Ryan Nugent-Hopkins Brendan Gallagher 60 1 2 2
2 Andrei Loktionov Marcus Johansson 40 1 2 2
Penalty Kill 4 Players Defense
Defense Defense Time % Phy DF OF
1 Zach Bogosian Erik Gudbranson 60 1 2 2
2 Olli Maatta Christopher Tanev 40 1 2 2
Penalty Kill - 3 Players Forward
Forward Time % Phy DF OF
1 Ryan Nugent-Hopkins 60 1 2 2
2 Brendan Gallagher 40 1 2 2
Penalty Kill - 3 Players Defense
Defense Defense Time % Phy DF OF
1 Zach Bogosian Erik Gudbranson 60 1 2 2
2 Olli Maatta Christopher Tanev 40 1 2 2
4 vs 4 Forward
Center Wing Time % Phy DF OF
1 Ryan Nugent-Hopkins Brendan Gallagher 60 1 2 2
2 Andrei Loktionov Marcus Johansson 40 1 2 2
4 vs 4 Defense
Defense Defense Time % Phy DF OF
1 Zach Bogosian Erik Gudbranson 60 1 2 2
2 Olli Maatta Christopher Tanev 40 1 2 2
Last Minutes Offensive
Center Left Wing Right Wing Defense Defense
Ryan Nugent-Hopkins Marcus Johansson Brendan Gallagher Zach Bogosian Erik Gudbranson
Last Minutes Defensive
Center Left Wing Right Wing Defense Defense
Ryan Nugent-Hopkins Marcus Johansson Brendan Gallagher Zach Bogosian Erik Gudbranson
Goaltenders
Starting : Laurent Brossoit
Backup : Ebbe Siönäs
Extra Forwards
Normal : Pierre-Edouard Bellemare, JT Compher, Andrew Cogliano - PP : Pierre-Edouard Bellemare, JT Compher - PK : Andrew Cogliano
Extra Defensemen
Normal : Jamie Oleksiak, Jalen Chatfield, Olli Maatta - PP : Jamie Oleksiak - PK : Jalen Chatfield, Olli Maatta
Penalty Shots
Ryan Nugent-Hopkins, Brendan Gallagher, Andrei Loktionov, Marcus Johansson, Pierre-Edouard Bellemare
Custom OT Lines Forwards
Ryan Nugent-Hopkins, Brendan Gallagher, Andrei Loktionov, Marcus Johansson, Pierre-Edouard Bellemare, Tyler Bertuzzi, Alex Tuch, JT Compher, Andrew Cogliano, Zach Hyman
Custom OT Lines Defensemen
Zach Bogosian, Erik Gudbranson, Olli Maatta, Christopher Tanev, Jamie Oleksiak
Scratches
Victor Olofsson (Healthy)
Stars
5 vs 5 Forward
Center Left Wing Right Wing Time % Phy DF OF
1 Sidney Crosby Jake Guentzel Michael Grabner 40 1 2 2
2 Evgeny Grachev Guillaume Latendresse Alex Chiasson 30 1 2 2
3 Evgeny Kuznetsov Tobias Rieder Cam Atkinson 20 1 2 2
4 Henrik Borgstrom Adam Tambellini Scott Kosmachuck 10 1 2 2
5 vs 5 Defense
Defense Defense Time % Phy DF OF
1 Paul Ladue Tyler Wotherspoon 40 1 2 2
2 Anton Cederholm Brian Lee 30 1 2 2
3 Wiley Sherman Reece Willcox 20 1 2 2
4 Paul Ladue Tyler Wotherspoon 10 1 2 2
PowerPlay Forward
Center Left Wing Right Wing Time % Phy DF OF
1 Sidney Crosby Jake Guentzel Michael Grabner 60 0 2 3
2 Evgeny Grachev Guillaume Latendresse Alex Chiasson 40 0 2 3
PowerPlay Defense
Defense Defense Time % Phy DF OF
1 Paul Ladue Tyler Wotherspoon 60 1 2 2
2 Anton Cederholm Brian Lee 40 1 2 2
Penalty Kill 4 Players Forward
Center Wing Time % Phy DF OF
1 Sidney Crosby Jake Guentzel 60 1 2 2
2 Evgeny Grachev Guillaume Latendresse 40 1 2 2
Penalty Kill 4 Players Defense
Defense Defense Time % Phy DF OF
1 Paul Ladue Tyler Wotherspoon 60 0 3 2
2 Anton Cederholm Brian Lee 40 0 3 2
Penalty Kill - 3 Players Forward
Forward Time % Phy DF OF
1 Sidney Crosby 60 1 2 2
2 Evgeny Grachev 40 1 2 2
Penalty Kill - 3 Players Defense
Defense Defense Time % Phy DF OF
1 Paul Ladue Tyler Wotherspoon 60 0 3 2
2 Anton Cederholm Brian Lee 40 0 3 2
4 vs 4 Forward
Center Wing Time % Phy DF OF
1 Sidney Crosby Jake Guentzel 60 0 2 3
2 Evgeny Grachev Guillaume Latendresse 40 0 2 3
4 vs 4 Defense
Defense Defense Time % Phy DF OF
1 Paul Ladue Tyler Wotherspoon 60 1 2 2
2 Anton Cederholm Brian Lee 40 1 2 2
Last Minutes Offensive
Center Left Wing Right Wing Defense Defense
Sidney Crosby Jake Guentzel Michael Grabner Paul Ladue Tyler Wotherspoon
Last Minutes Defensive
Center Left Wing Right Wing Defense Defense
Sidney Crosby Jake Guentzel Michael Grabner Paul Ladue Tyler Wotherspoon
Goaltenders
Starting : Matt Murray
Backup : Michael Houser
Extra Forwards
Normal : Alex Chiasson, Tobias Rieder, Evgeny Grachev - PP : Alex Chiasson, Tobias Rieder - PK : Alex Chiasson
Extra Defensemen
Normal : Brian Lee, Wiley Sherman, Reece Willcox - PP : Brian Lee - PK : Brian Lee, Wiley Sherman
Penalty Shots
Sidney Crosby, Jake Guentzel, Michael Grabner, Guillaume Latendresse, Alex Chiasson
Custom OT Lines Forwards
Sidney Crosby, Jake Guentzel, Michael Grabner, Guillaume Latendresse, Alex Chiasson, Tobias Rieder, Evgeny Grachev, Cam Atkinson, Scott Kosmachuck, Evgeny Kuznetsov
Custom OT Lines Defensemen
Paul Ladue, Tyler Wotherspoon, Anton Cederholm, Brian Lee, Wiley Sherman
Scratches
Andrej Sustr (Healthy), Ilya Mikheyev (Healthy), Ben Chiarot (Chest/Ribs Injury)
% Time on Ice - Kraken
Lines # - Real PCT - Wanted PCT - Time Play
Normal Forward
1 - 34% - 40% - 16:12
2 - 29% - 30% - 13:49
3 - 20% - 20% - 9:34
4 - 17% - 10% - 7:55
Normal Defense
1 - 39% - 40% - 18:36
2 - 34% - 30% - 15:59
3 - 25% - 20% - 11:49
4 - 2% - 10% - 1:06
PP Forward
1 - 56% - 60% - 3:25
2 - 44% - 40% - 2:44
PP Defense
1 - 46% - 60% - 2:50
2 - 54% - 40% - 3:19
PK Forward
1 - 77% - 60% - 3:31
2 - 23% - 40% - 1:03
PK Defense
1 - 51% - 60% - 2:20
2 - 49% - 40% - 2:14
PK3 Forward
1 - 0% - 60%
2 - 0% - 40%
PK3 Defense
1 - 0% - 60%
2 - 0% - 40%
44 Forward
1 - 100% - 60% - 1:47
2 - 0% - 40% - 0:00
44 Defense
1 - 63% - 60% - 1:07
2 - 37% - 40% - 0:40
Last Minute Offensive - 0:00
Last Minute Defensive - 0:00
Total
Forward - 60:00
Defense - 60:00
|
% Time on Ice - Stars
Lines # - Real PCT - Wanted PCT - Time Play
Normal Forward
1 - 33% - 40% - 15:31
2 - 28% - 30% - 13:31
3 - 23% - 20% - 11:04
4 - 16% - 10% - 7:24
Normal Defense
1 - 42% - 40% - 19:44
2 - 30% - 30% - 14:20
3 - 24% - 20% - 11:26
4 - 4% - 10% - 2:00
PP Forward
1 - 58% - 60% - 2:39
2 - 42% - 40% - 1:55
PP Defense
1 - 54% - 60% - 2:29
2 - 46% - 40% - 2:05
PK Forward
1 - 67% - 60% - 4:09
2 - 33% - 40% - 2:00
PK Defense
1 - 62% - 60% - 3:48
2 - 38% - 40% - 2:21
PK3 Forward
1 - 0% - 60%
2 - 0% - 40%
PK3 Defense
1 - 0% - 60%
2 - 0% - 40%
44 Forward
1 - 86% - 60% - 1:32
2 - 14% - 40% - 0:15
44 Defense
1 - 38% - 60% - 0:41
2 - 62% - 40% - 1:06
Last Minute Offensive - 0:00
Last Minute Defensive - 0:00
Total
Forward - 60:00
Defense - 60:00
|
Play-by-Play
1st period
0:01 of 1st period - Sidney Crosby wins face-off versus Ryan Nugent-Hopkins in neutral zone.
0:13 of 1st period - Minor Penalty to Michael Grabner for High sticking.
0:14 of 1st period - Sidney Crosby wins face-off versus Ryan Nugent-Hopkins in Stars zone.
0:14 of 1st period - Sidney Crosby is hit by Erik Gudbranson.
0:41 of 1st period - Tyler Wotherspoon is hit by Tyler Bertuzzi and loses puck.
1:08 of 1st period - Olli Maatta is hit by Jake Guentzel and loses puck.
2:13 of 1st period - Penalty to Michael Grabner is over, Michael Grabner is back on ice.
4:29 of 1st period - Erik Gudbranson is hit by Cam Atkinson and loses puck.
4:53 of 1st period - Michael Grabner is hit by Pierre-Edouard Bellemare and loses puck.
5:28 of 1st period - Olli Maatta is hit by Cam Atkinson and loses puck.
6:39 of 1st period - Icing by Guillaume Latendresse.
6:40 of 1st period - Andrei Loktionov wins face-off versus Evgeny Grachev in Stars zone.
6:47 of 1st period - Wrist shot by Tyler Bertuzzi.
6:47 of 1st period - Shot Blocked by Wiley Sherman.
6:49 of 1st period - Wrist shot by Tyler Bertuzzi.
6:49 of 1st period - Shot Misses the Net.
6:51 of 1st period - Wrist shot by Erik Gudbranson.
6:51 of 1st period - Stopped by Matt Murray with a rebound.
6:53 of 1st period - Snap shot by Tyler Bertuzzi.
6:53 of 1st period - Shot Misses the Net.
6:55 of 1st period - Wrist shot by Tyler Bertuzzi.
6:55 of 1st period - Shot Misses the Net.
6:57 of 1st period - Slapshot by Tyler Bertuzzi.
6:57 of 1st period - Stopped by Matt Murray without a rebound.
6:58 of 1st period - Sidney Crosby wins face-off versus Ryan Nugent-Hopkins in Stars zone.
7:34 of 1st period - Snap shot by Tyler Bertuzzi.
7:34 of 1st period - Stopped by Matt Murray with a rebound.
7:36 of 1st period - Snap shot by Tyler Bertuzzi.
7:36 of 1st period - Shot Misses the Net.
7:38 of 1st period - Slapshot by Zach Bogosian.
7:38 of 1st period - Stopped by Matt Murray with a rebound.
7:52 of 1st period - Snap shot by Gabriel Bourque.
7:52 of 1st period - Shot Misses the Net.
7:54 of 1st period - Snap shot by Zach Hyman.
7:54 of 1st period - Shot Misses the Net.
7:56 of 1st period - Slapshot by Christopher Tanev.
7:56 of 1st period - Stopped by Matt Murray without a rebound.
7:57 of 1st period - Sidney Crosby wins face-off versus Ryan Nugent-Hopkins in Stars zone.
7:57 of 1st period - Sidney Crosby is hit by Ryan Nugent-Hopkins.
8:05 of 1st period - Snap shot by Sidney Crosby.
8:05 of 1st period - Stopped by Laurent Brossoit without a rebound.
8:06 of 1st period - Sidney Crosby wins face-off versus Ryan Nugent-Hopkins in Kraken zone.
8:17 of 1st period - Snap shot by Ryan Nugent-Hopkins.
8:17 of 1st period - Stopped by Matt Murray without a rebound.
8:18 of 1st period - Sidney Crosby wins face-off versus Ryan Nugent-Hopkins in Stars zone.
8:42 of 1st period - Icing by Paul Ladue.
8:43 of 1st period - Tyler Bertuzzi wins face-off versus Sidney Crosby in Stars zone.
9:00 of 1st period - Slapshot by Jake Guentzel.
9:00 of 1st period - Shot Misses the Net.
9:16 of 1st period - Snap shot by Alex Chiasson.
9:16 of 1st period - Stopped by Laurent Brossoit with a rebound.
9:23 of 1st period - Off-side.
9:24 of 1st period - Pierre-Edouard Bellemare wins face-off versus Evgeny Kuznetsov in neutral zone.
9:56 of 1st period - Wrist shot by Sidney Crosby.
9:56 of 1st period - Stopped by Laurent Brossoit with a rebound.
10:08 of 1st period - Snap shot by Pierre-Edouard Bellemare.
10:08 of 1st period - Stopped by Matt Murray without a rebound.
10:09 of 1st period - Evgeny Grachev wins face-off versus Ryan Nugent-Hopkins in Stars zone.
11:22 of 1st period - Snap shot by Tobias Rieder.
11:22 of 1st period - Stopped by Laurent Brossoit with a rebound.
11:24 of 1st period - Slapshot by Brian Lee.
11:24 of 1st period - Goal by Brian Lee - Kraken : 0 - Stars : 1.
11:25 of 1st period - Sidney Crosby wins face-off versus Brendan Gallagher in neutral zone.
12:41 of 1st period - Snap shot by Brendan Gallagher.
12:41 of 1st period - Goal by Brendan Gallagher - Kraken : 1 - Stars : 1.
12:42 of 1st period - Ryan Nugent-Hopkins wins face-off versus Sidney Crosby in neutral zone.
13:14 of 1st period - Olli Maatta is hit by Brian Lee and loses puck.
13:36 of 1st period - Andrew Cogliano is hit by Cam Atkinson and loses puck.
14:03 of 1st period - Slapshot by Adam Tambellini.
14:03 of 1st period - Stopped by Laurent Brossoit with a rebound.
14:05 of 1st period - Slapshot by Anton Cederholm.
14:05 of 1st period - Deflect By Adam Tambellini.
14:05 of 1st period - Shot Blocked by Gabriel Bourque.
14:05 of 1st period - Puck is out of play.
14:06 of 1st period - Ryan Nugent-Hopkins wins face-off versus Sidney Crosby in Kraken zone.
14:06 of 1st period - Ryan Nugent-Hopkins is hit by Tyler Wotherspoon.
14:30 of 1st period - Icing by Tyler Wotherspoon.
14:31 of 1st period - Evgeny Grachev wins face-off versus Andrei Loktionov in Stars zone.
14:36 of 1st period - Slapshot by Paul Ladue.
14:36 of 1st period - Shot Blocked by Tyler Bertuzzi.
14:38 of 1st period - Slapshot by Alex Chiasson.
14:38 of 1st period - Stopped by Laurent Brossoit without a rebound.
14:39 of 1st period - Ryan Nugent-Hopkins wins face-off versus Sidney Crosby in Kraken zone.
15:33 of 1st period - Slapshot by Jake Guentzel.
15:33 of 1st period - Shot Misses the Net.
15:35 of 1st period - Snap shot by Jake Guentzel.
15:35 of 1st period - Deflect By Michael Grabner.
15:35 of 1st period - Deflect By Ryan Nugent-Hopkins.
15:35 of 1st period - Stopped by Laurent Brossoit with a rebound.
15:37 of 1st period - Snap shot by Paul Ladue.
15:37 of 1st period - Stopped by Laurent Brossoit without a rebound.
15:38 of 1st period - Evgeny Grachev wins face-off versus Andrei Loktionov in Kraken zone.
15:49 of 1st period - Snap shot by Evgeny Grachev.
15:49 of 1st period - Stopped by Laurent Brossoit without a rebound.
15:50 of 1st period - Andrei Loktionov wins face-off versus Evgeny Grachev in Kraken zone.
15:52 of 1st period - Minor Penalty to Erik Gudbranson for Tripping.
15:53 of 1st period - Ryan Nugent-Hopkins wins face-off versus Sidney Crosby in Kraken zone.
17:14 of 1st period - Icing by Alex Chiasson.
17:15 of 1st period - Andrei Loktionov wins face-off versus Sidney Crosby in Stars zone.
17:32 of 1st period - Wrist shot by Marcus Johansson.
17:32 of 1st period - Goal by Marcus Johansson - Kraken : 2 - Stars : 1.
17:33 of 1st period - Sidney Crosby wins face-off versus Ryan Nugent-Hopkins in neutral zone.
17:36 of 1st period - Snap shot by Michael Grabner.
17:36 of 1st period - Shot Misses the Net.
17:38 of 1st period - Slapshot by Paul Ladue.
17:38 of 1st period - Goal by Paul Ladue - Kraken : 2 - Stars : 2.
17:39 of 1st period - Ryan Nugent-Hopkins wins face-off versus Sidney Crosby in neutral zone.
18:06 of 1st period - Evgeny Grachev is hit by Alex Tuch and loses puck.
18:17 of 1st period - Snap shot by Tyler Bertuzzi.
18:17 of 1st period - Shot Misses the Net.
18:19 of 1st period - Slapshot by Erik Gudbranson.
18:19 of 1st period - Shot Misses the Net.
18:35 of 1st period - Wrist shot by Andrew Cogliano.
18:35 of 1st period - Shot Blocked by Evgeny Kuznetsov.
18:39 of 1st period - Snap shot by Andrew Cogliano.
18:39 of 1st period - Shot Blocked by Paul Ladue.
18:53 of 1st period - Slapshot by Tyler Wotherspoon.
18:53 of 1st period - Shot Blocked by Gabriel Bourque.
18:55 of 1st period - Snap shot by Scott Kosmachuck.
18:55 of 1st period - Shot Misses the Net.
19:01 of 1st period - Snap shot by Scott Kosmachuck.
19:01 of 1st period - Stopped by Laurent Brossoit with a rebound.
19:16 of 1st period - Snap shot by Sidney Crosby.
19:16 of 1st period - Shot Misses the Net.
19:18 of 1st period - Snap shot by Jake Guentzel.
19:18 of 1st period - Shot Misses the Net.
Goals for this period are 2 for Kraken vs 2 for Stars.
Shots for this period are 9 for Kraken vs 12 for Stars.
2nd period
0:01 of 2nd period - Ryan Nugent-Hopkins wins face-off versus Sidney Crosby in neutral zone.
0:16 of 2nd period - Backhand shot by Ryan Nugent-Hopkins.
0:16 of 2nd period - Shot Misses the Net.
0:26 of 2nd period - Alex Tuch is hit by Tyler Wotherspoon and loses puck.
1:14 of 2nd period - Wrist shot by JT Compher.
1:14 of 2nd period - Stopped by Matt Murray with a rebound.
1:16 of 2nd period - Snap shot by Pierre-Edouard Bellemare.
1:16 of 2nd period - Stopped by Matt Murray with a rebound.
1:18 of 2nd period - Slapshot by Christopher Tanev.
1:18 of 2nd period - Goal by Christopher Tanev - Kraken : 3 - Stars : 2.
1:19 of 2nd period - Brendan Gallagher wins face-off versus Sidney Crosby in neutral zone.
1:28 of 2nd period - Snap shot by Brendan Gallagher.
1:28 of 2nd period - Stopped by Matt Murray with a rebound.
1:30 of 2nd period - Snap shot by Erik Gudbranson.
1:30 of 2nd period - Stopped by Matt Murray with a rebound.
1:32 of 2nd period - Wrist shot by Brendan Gallagher.
1:32 of 2nd period - Deflect By Sidney Crosby.
1:32 of 2nd period - Stopped by Matt Murray with a rebound.
1:34 of 2nd period - Slapshot by Ryan Nugent-Hopkins.
1:34 of 2nd period - Deflect By Brendan Gallagher.
1:34 of 2nd period - Stopped by Matt Murray without a rebound.
1:35 of 2nd period - Evgeny Grachev wins face-off versus Alex Tuch in Stars zone.
1:35 of 2nd period - Evgeny Grachev is hit by Tyler Bertuzzi.
2:55 of 2nd period - Wrist shot by Frederick Gaudreau.
2:55 of 2nd period - Shot Misses the Net.
2:57 of 2nd period - Slapshot by Olli Maatta.
2:57 of 2nd period - Shot Blocked by Tobias Rieder.
3:03 of 2nd period - Minor Penalty to Brian Lee for Tripping.
3:04 of 2nd period - Sidney Crosby wins face-off versus Ryan Nugent-Hopkins in Stars zone.
5:03 of 2nd period - Penalty to Brian Lee is over, Brian Lee is back on ice.
5:07 of 2nd period - Slapshot by Tyler Wotherspoon.
5:07 of 2nd period - Shot Blocked by Erik Gudbranson.
5:17 of 2nd period - Reece Willcox is hit by Erik Gudbranson and loses puck.
6:11 of 2nd period - Olli Maatta is hit by Michael Grabner and loses puck.
6:21 of 2nd period - Icing by Anton Cederholm.
6:22 of 2nd period - Sidney Crosby wins face-off versus Frederick Gaudreau in Stars zone.
6:30 of 2nd period - Icing by Paul Ladue.
6:31 of 2nd period - Ryan Nugent-Hopkins wins face-off versus Henrik Borgstrom in Stars zone.
7:22 of 2nd period - Snap shot by Tobias Rieder.
7:22 of 2nd period - Shot Blocked by Olli Maatta.
7:30 of 2nd period - Snap shot by Andrei Loktionov.
7:30 of 2nd period - Shot Blocked by Evgeny Kuznetsov.
7:32 of 2nd period - Slapshot by Olli Maatta.
7:32 of 2nd period - Stopped by Matt Murray without a rebound.
7:33 of 2nd period - Michael Grabner wins face-off versus Ryan Nugent-Hopkins in Stars zone.
7:39 of 2nd period - Minor Penalty to Zach Bogosian for Tripping.
7:40 of 2nd period - Sidney Crosby wins face-off versus Ryan Nugent-Hopkins in Kraken zone.
8:16 of 2nd period - Slapshot by Evgeny Grachev.
8:16 of 2nd period - Goal by Evgeny Grachev - Kraken : 3 - Stars : 3.
8:17 of 2nd period - Ryan Nugent-Hopkins wins face-off versus Sidney Crosby in neutral zone.
8:30 of 2nd period - Slapshot by Michael Grabner.
8:30 of 2nd period - Stopped by Laurent Brossoit with a rebound.
8:32 of 2nd period - Snap shot by Jake Guentzel.
8:32 of 2nd period - Stopped by Laurent Brossoit without a rebound.
8:33 of 2nd period - Evgeny Grachev wins face-off versus Andrei Loktionov in Kraken zone.
8:38 of 2nd period - Wrist shot by Alex Chiasson.
8:38 of 2nd period - Shot Misses the Net.
8:40 of 2nd period - Wrist shot by Alex Chiasson.
8:40 of 2nd period - Goal by Alex Chiasson - Kraken : 3 - Stars : 4.
8:41 of 2nd period - Sidney Crosby wins face-off versus Ryan Nugent-Hopkins in neutral zone.
8:50 of 2nd period - Snap shot by Jake Guentzel.
8:50 of 2nd period - Shot Blocked by Zach Bogosian.
8:52 of 2nd period - Backhand shot by Tyler Wotherspoon.
8:52 of 2nd period - Deflect By Zach Bogosian.
8:52 of 2nd period - Stopped by Laurent Brossoit without a rebound.
8:53 of 2nd period - Sidney Crosby wins face-off versus Ryan Nugent-Hopkins in Kraken zone.
9:44 of 2nd period - Tyler Wotherspoon is hit by Andrei Loktionov and loses puck.
10:11 of 2nd period - Wrist shot by Scott Kosmachuck.
10:11 of 2nd period - Deflect By Henrik Borgstrom.
10:11 of 2nd period - Shot Misses the Net.
10:11 of 2nd period - Puck is out of play.
10:12 of 2nd period - Henrik Borgstrom wins face-off versus Ryan Nugent-Hopkins in Kraken zone.
10:51 of 2nd period - Snap shot by Henrik Borgstrom.
10:51 of 2nd period - Deflect By Adam Tambellini.
10:51 of 2nd period - Shot Misses the Net.
10:51 of 2nd period - Puck is out of play.
10:52 of 2nd period - Jake Guentzel wins face-off versus Ryan Nugent-Hopkins in Kraken zone.
11:09 of 2nd period - Wrist shot by Sidney Crosby.
11:09 of 2nd period - Stopped by Laurent Brossoit with a rebound.
11:29 of 2nd period - Slapshot by Paul Ladue.
11:29 of 2nd period - Shot Blocked by Jalen Chatfield.
11:41 of 2nd period - Paul Ladue is hit by Jamie Oleksiak and loses puck.
11:56 of 2nd period - Tyler Wotherspoon is hit by Andrei Loktionov and loses puck.
12:31 of 2nd period - Snap shot by Tyler Bertuzzi.
12:31 of 2nd period - Shot Misses the Net.
12:33 of 2nd period - Slapshot by Jalen Chatfield.
12:33 of 2nd period - Shot Misses the Net.
12:35 of 2nd period - Snap shot by Jalen Chatfield.
12:35 of 2nd period - Stopped by Matt Murray with a rebound.
12:37 of 2nd period - Snap shot by Andrei Loktionov.
12:37 of 2nd period - Shot Blocked by Paul Ladue.
12:39 of 2nd period - Wrist shot by Andrei Loktionov.
12:39 of 2nd period - Shot Misses the Net.
12:41 of 2nd period - Slapshot by Jamie Oleksiak.
12:41 of 2nd period - Deflect By Guillaume Latendresse.
12:41 of 2nd period - Stopped by Matt Murray without a rebound.
12:42 of 2nd period - Sidney Crosby wins face-off versus Ryan Nugent-Hopkins in Stars zone.
12:58 of 2nd period - Zach Bogosian is hit by Brian Lee and loses puck.
13:49 of 2nd period - Icing by Zach Hyman.
13:50 of 2nd period - Sidney Crosby wins face-off versus Ryan Nugent-Hopkins in Kraken zone.
14:01 of 2nd period - Snap shot by Jake Guentzel.
14:01 of 2nd period - Shot Misses the Net.
14:35 of 2nd period - Minor Penalty to Olli Maatta for Goalie Interference.
14:36 of 2nd period - Ryan Nugent-Hopkins wins face-off versus Evgeny Grachev in Kraken zone.
15:53 of 2nd period - Slapshot by Zach Bogosian.
15:53 of 2nd period - Shot Misses the Net.
15:55 of 2nd period - Snap shot by Erik Gudbranson.
15:55 of 2nd period - Shot Misses the Net.
16:17 of 2nd period - Tobias Rieder is hit by Christopher Tanev and loses puck.
16:26 of 2nd period - Christopher Tanev is hit by Tyler Wotherspoon and loses puck.
16:35 of 2nd period - Penalty to Olli Maatta is over, Olli Maatta is back on ice.
16:43 of 2nd period - Anton Cederholm is hit by Andrei Loktionov and loses puck.
16:58 of 2nd period - Evgeny Kuznetsov is hit by Zach Bogosian.
17:26 of 2nd period - Reece Willcox is hit by Ryan Nugent-Hopkins.
17:41 of 2nd period - Henrik Borgstrom is hit by Gabriel Bourque and loses puck.
18:21 of 2nd period - Jamie Oleksiak is hit by Jake Guentzel and loses puck.
19:32 of 2nd period - Alex Chiasson is hit by Christopher Tanev.
19:54 of 2nd period - Snap shot by JT Compher.
19:54 of 2nd period - Shot Misses the Net.
Goals for this period are 1 for Kraken vs 2 for Stars.
Shots for this period are 10 for Kraken vs 6 for Stars.
3rd period
0:01 of 3rd period - Sidney Crosby wins face-off versus Ryan Nugent-Hopkins in neutral zone.
0:04 of 3rd period - Slapshot by Paul Ladue.
0:04 of 3rd period - Stopped by Laurent Brossoit without a rebound.
0:05 of 3rd period - Ryan Nugent-Hopkins wins face-off versus Jake Guentzel in Kraken zone.
0:14 of 3rd period - Slapshot by Zach Bogosian.
0:14 of 3rd period - Shot Blocked by Michael Grabner.
0:16 of 3rd period - Slapshot by Zach Bogosian.
0:16 of 3rd period - Deflect By Jake Guentzel.
0:16 of 3rd period - Stopped by Matt Murray without a rebound.
0:17 of 3rd period - Ryan Nugent-Hopkins wins face-off versus Sidney Crosby in Stars zone.
0:22 of 3rd period - Wrist shot by Ryan Nugent-Hopkins.
0:22 of 3rd period - Stopped by Matt Murray without a rebound.
0:23 of 3rd period - Sidney Crosby wins face-off versus Ryan Nugent-Hopkins in Stars zone.
0:59 of 3rd period - Slapshot by Evgeny Grachev.
0:59 of 3rd period - Stopped by Laurent Brossoit with a rebound.
1:43 of 3rd period - Wrist shot by Sidney Crosby.
1:43 of 3rd period - Stopped by Laurent Brossoit without a rebound.
1:44 of 3rd period - Ryan Nugent-Hopkins wins face-off versus Evgeny Grachev in Kraken zone.
1:57 of 3rd period - Slapshot by Evgeny Grachev.
1:57 of 3rd period - Shot Misses the Net.
3:05 of 3rd period - Gabriel Bourque is hit by Scott Kosmachuck and loses puck.
3:42 of 3rd period - Slapshot by Zach Bogosian.
3:42 of 3rd period - Stopped by Matt Murray without a rebound.
3:43 of 3rd period - Ryan Nugent-Hopkins wins face-off versus Sidney Crosby in Stars zone.
3:56 of 3rd period - Snap shot by Brendan Gallagher.
3:56 of 3rd period - Deflect By Ryan Nugent-Hopkins.
3:56 of 3rd period - Shot Misses the Net.
3:56 of 3rd period - Puck is out of play.
3:57 of 3rd period - Sidney Crosby wins face-off versus Ryan Nugent-Hopkins in Stars zone.
4:24 of 3rd period - Erik Gudbranson is hit by Alex Chiasson and loses puck.
4:42 of 3rd period - Icing by Paul Ladue.
4:43 of 3rd period - Pierre-Edouard Bellemare wins face-off versus Evgeny Grachev in Stars zone.
4:56 of 3rd period - Snap shot by Evgeny Grachev.
4:56 of 3rd period - Shot Blocked by Christopher Tanev.
5:00 of 3rd period - Slapshot by Evgeny Grachev.
5:00 of 3rd period - Stopped by Laurent Brossoit with a rebound.
5:02 of 3rd period - Snap shot by Guillaume Latendresse.
5:02 of 3rd period - Goal by Guillaume Latendresse - Kraken : 3 - Stars : 5.
5:02 of 3rd period - Ebbe Siönäs enters game.
5:03 of 3rd period - Jake Guentzel wins face-off versus Ryan Nugent-Hopkins in neutral zone.
5:59 of 3rd period - Wrist shot by Cam Atkinson.
5:59 of 3rd period - Stopped by Ebbe Siönäs without a rebound.
6:00 of 3rd period - Sidney Crosby wins face-off versus Ryan Nugent-Hopkins in Kraken zone.
6:14 of 3rd period - Slapshot by Sidney Crosby.
6:14 of 3rd period - Shot Blocked by Christopher Tanev.
6:16 of 3rd period - Slapshot by Reece Willcox.
6:16 of 3rd period - Deflect By Brendan Gallagher.
6:16 of 3rd period - Stopped by Ebbe Siönäs without a rebound.
6:17 of 3rd period - Evgeny Grachev wins face-off versus Andrei Loktionov in Kraken zone.
6:20 of 3rd period - Snap shot by Evgeny Grachev.
6:20 of 3rd period - Deflect By Tyler Bertuzzi.
6:20 of 3rd period - Stopped by Ebbe Siönäs without a rebound.
6:21 of 3rd period - Tyler Bertuzzi wins face-off versus Evgeny Grachev in Kraken zone.
6:25 of 3rd period - Minor Penalty to Anton Cederholm for Tripping.
6:26 of 3rd period - Sidney Crosby wins face-off versus Ryan Nugent-Hopkins in Stars zone.
6:53 of 3rd period - Icing by Brendan Gallagher.
6:54 of 3rd period - Ryan Nugent-Hopkins wins face-off versus Sidney Crosby in Kraken zone.
7:26 of 3rd period - Off-side.
7:27 of 3rd period - Ryan Nugent-Hopkins wins face-off versus Evgeny Grachev in neutral zone.
7:36 of 3rd period - Slapshot by Brendan Gallagher.
7:36 of 3rd period - Stopped by Matt Murray with a rebound.
7:56 of 3rd period - Wrist shot by Tyler Bertuzzi.
7:56 of 3rd period - Shot Blocked by Tyler Wotherspoon.
8:25 of 3rd period - Penalty to Anton Cederholm is over, Anton Cederholm is back on ice.
8:42 of 3rd period - Wiley Sherman is hit by JT Compher and loses puck.
8:50 of 3rd period - Icing by Wiley Sherman.
8:51 of 3rd period - Gabriel Bourque wins face-off versus Sidney Crosby in Stars zone.
9:27 of 3rd period - Snap shot by Guillaume Latendresse.
9:27 of 3rd period - Shot Misses the Net.
9:29 of 3rd period - Slapshot by Brian Lee.
9:29 of 3rd period - Stopped by Ebbe Siönäs with a rebound.
9:31 of 3rd period - Slapshot by Guillaume Latendresse.
9:31 of 3rd period - Shot Misses the Net.
10:47 of 3rd period - Erik Gudbranson is hit by Evgeny Kuznetsov and loses puck.
11:04 of 3rd period - Pierre-Edouard Bellemare is hit by Guillaume Latendresse and loses puck.
11:42 of 3rd period - Icing by Zach Bogosian.
11:43 of 3rd period - Evgeny Kuznetsov wins face-off versus Frederick Gaudreau in Kraken zone.
12:07 of 3rd period - Snap shot by Frederick Gaudreau.
12:07 of 3rd period - Stopped by Matt Murray with a rebound.
12:09 of 3rd period - Snap shot by Olli Maatta.
12:09 of 3rd period - Shot Blocked by Wiley Sherman.
12:11 of 3rd period - Wrist shot by Frederick Gaudreau.
12:11 of 3rd period - Stopped by Matt Murray with a rebound.
12:21 of 3rd period - Cam Atkinson is hit by Frederick Gaudreau and loses puck.
12:31 of 3rd period - Minor Penalty to Cam Atkinson for Hooking.
12:32 of 3rd period - Ryan Nugent-Hopkins wins face-off versus Sidney Crosby in Stars zone.
12:43 of 3rd period - Minor Penalty to Ryan Nugent-Hopkins for Slashing.
12:44 of 3rd period - Sidney Crosby wins face-off versus Pierre-Edouard Bellemare in Kraken zone.
12:46 of 3rd period - Slapshot by Sidney Crosby.
12:46 of 3rd period - Stopped by Ebbe Siönäs without a rebound.
12:47 of 3rd period - Pierre-Edouard Bellemare wins face-off versus Sidney Crosby in Kraken zone.
13:55 of 3rd period - Slapshot by Olli Maatta.
13:55 of 3rd period - Stopped by Matt Murray with a rebound.
13:58 of 3rd period - Icing by Jake Guentzel.
13:59 of 3rd period - Sidney Crosby wins face-off versus Andrew Cogliano in Stars zone.
14:12 of 3rd period - Gabriel Bourque is hit by Sidney Crosby.
14:31 of 3rd period - Penalty to Cam Atkinson is over, Cam Atkinson is back on ice.
14:43 of 3rd period - Penalty to Ryan Nugent-Hopkins is over, Ryan Nugent-Hopkins is back on ice.
15:14 of 3rd period - Henrik Borgstrom is hit by Gabriel Bourque and loses puck.
15:38 of 3rd period - Off-side.
15:39 of 3rd period - Andrei Loktionov wins face-off versus Sidney Crosby in neutral zone.
15:46 of 3rd period - Slapshot by Zach Bogosian.
15:46 of 3rd period - Shot Blocked by Michael Grabner.
16:26 of 3rd period - Snap shot by Evgeny Grachev.
16:26 of 3rd period - Stopped by Ebbe Siönäs without a rebound.
16:27 of 3rd period - Ryan Nugent-Hopkins wins face-off versus Evgeny Grachev in Kraken zone.
17:20 of 3rd period - Wrist shot by Pierre-Edouard Bellemare.
17:20 of 3rd period - Stopped by Matt Murray with a rebound.
17:22 of 3rd period - Snap shot by Pierre-Edouard Bellemare.
17:22 of 3rd period - Stopped by Matt Murray with a rebound.
17:24 of 3rd period - Slapshot by Christopher Tanev.
17:24 of 3rd period - Shot Misses the Net.
17:50 of 3rd period - Snap shot by Ryan Nugent-Hopkins.
17:50 of 3rd period - Shot Blocked by Alex Chiasson.
18:10 of 3rd period - Slapshot by Scott Kosmachuck.
18:10 of 3rd period - Shot Misses the Net.
18:24 of 3rd period - Erik Gudbranson is hit by Cam Atkinson and loses puck.
18:31 of 3rd period - Paul Ladue is hit by Andrei Loktionov and loses puck.
19:04 of 3rd period - Snap shot by Andrew Cogliano.
19:04 of 3rd period - Shot Blocked by Tobias Rieder.
Goals for this period are 0 for Kraken vs 1 for Stars.
Shots for this period are 9 for Kraken vs 11 for Stars.